 Dungeon Crawl Stone Soup version 0.28-a0-723-g095bd1b44f (webtiles) character file.

Game seed: 11542923328367088922

429 Rennog the Skirmisher (level 6, -5/53 HPs)
             Began as a Merfolk Fighter on Oct 25, 2021.
             Was an Initiate of Gozag.
             Killed by divine providence
             ... invoked by an orc priest
              (14 damage)
             ... on level 4 of the Dungeon.
             The game lasted 00:04:09 (4029 turns).

Rennog the Skirmisher (Merfolk Fighter)             Turns: 4029, Time: 00:04:10

Health: -5/53      AC:  7    Str: 18    XL:     6   Next: 98%
Magic:  6/6        EV: 11    Int:  7    God:    Gozag
Gold:   519        SH:  5    Dex: 14    Spells: 5/5 levels left

rFire   . . .      SeeInvis .   a - +0 trident
rCold   . . .      Faith    .   c - +0 buckler
rNeg    . . .      Spirit   .   b - +0 scale mail
rPois   +          Reflect  .   (no helmet)
rElec   .          Harm     .   h - +0 cloak
rCorr   .          Rampage  .   (no gloves)
Will    .....                   (no boots)
Stlth   ..........              (no amulet)
HPRegen 0.17/turn               p - ring of poison resistance
MPRegen 0.10/turn               (no ring)

@: no status effects
A: (nimble swimmer 2), mertail
a: Renounce Religion, Potion Petition, Call Merchant, Bribe Branch


You were on level 4 of the Dungeon.
You worshipped Gozag.
Gozag was pleased with you.
You visited 1 branch of the dungeon, and saw 4 of its levels.

You collected 519 gold pieces.

Inventory:

Hand Weapons
 a - a +0 trident (weapon)
Armour
 b - a +0 scale mail (worn)
 c - a +0 buckler (worn)
 h - a +0 cloak (worn)
Jewellery
 p - a ring of poison resistance (left hand)
Wands
 t - a wand of iceblast (7)
Scrolls
 e - a scroll of blinking {unknown}
 f - 2 scrolls of enchant weapon {unknown}
 i - a scroll of summoning {unknown}
 j - a scroll of vulnerability {unknown}
 l - 6 scrolls of identify {unknown}
 n - 3 scrolls of noise {unknown}
 o - a scroll of fog {unknown}
 r - 2 scrolls of teleportation {unknown}
 s - 3 scrolls of enchant armour {unknown}
Potions
 d - a potion of might
 g - a potion of ambrosia {unknown}
 k - a potion of haste {unknown}
 m - 2 potions of attraction {unknown}
 q - a potion of brilliance {unknown}
Miscellaneous
 u - a piece from Xom's chessboard (15/15)


   Skills:
 * Level 6.8 Fighting
 + Level 4.1 Polearms
 - Level 2.1 Armour
 + Level 4.7 Dodging
 - Level 3.0 Shields


You had 5 spell levels left.
You didn't know any spells.
Your spell library contained the following spells:

 Spells                   Type           Power      Damage    Failure   Level
 Frozen Ramparts          Ice            0%         1d2       99%         3
 Ice Form                 Ice/Tmut       0%         N/A       100%        4
 Summon Ice Beast         Ice/Summ       0%         N/A       100%        4


Dungeon Overview and Level Annotations

Branches:
Dungeon (4/15)
 Temple: D:4-7

Altars:
Gozag
Hepliaklqana
Okawaru
Xom


Innate Abilities, Weirdness & Mutations

((You are quick and stealthy near water. (Stealth+, EV+, Speed+++)))
Your lower body shifts to a powerful aquatic tail in water.


Message History

The orc priest is moderately wounded.
The orc priest calls down the wrath of Beogh upon you.
Beogh smites you!
* * * LOW HITPOINT WARNING * * *
You are too injured to fight recklessly!
You are too injured to fight recklessly!
You are too injured to fight recklessly!
You are too injured to fight recklessly!
You are too injured to fight recklessly!
You are too injured to fight recklessly!
You are too injured to fight recklessly!
You are too injured to fight recklessly!
You are too injured to fight recklessly!
You are too injured to fight recklessly!
You are too injured to fight recklessly!
You are too injured to fight recklessly!
You are too injured to fight recklessly!
You are too injured to fight recklessly!
You are too injured to fight recklessly!
You are too injured to fight recklessly!
You are too injured to fight recklessly!
You are too injured to fight recklessly!
You are too injured to fight recklessly!
You are too injured to fight recklessly!
You are too injured to fight recklessly!
You hit the orc priest but do no damage.
The orc priest is moderately wounded.
The orc priest calls down the wrath of Beogh upon you.
Pain shoots through your body!
* * * LOW HITPOINT WARNING * * *
You hit the orc priest but do no damage.
The orc priest is moderately wounded.
The orc priest looks braver for a moment.
The orc priest hits you but does no damage.
You barely miss the orc priest.
The orc priest is moderately wounded.
The orc priest invokes the aid of Beogh against you.
Beogh smites you!
You die...
Your body crumbles into a pile of gold.

.........>..#
#.......#.#.#######
#.......#.........# #..
##................### ...
##......##.......... ......
................... .......#
........##........##....!..#
$
........##...........##....
.......###.>...o@$.###...###
#.#...## ####......$.......#
#.###.# #.........#...#
#.###.#######..#..#.^..#
#)##..........##.#...$.#
.).......######.....#..#
#).......#..........#.....
####................#.###.<.
...#......######....#.# ##


You could see an orc priest.

Vanquished Creatures
  A water moccasin skeleton (D:4)
  A howler monkey (D:4)
  2 bullfrog skeletons
  2 orc priests
  An iguana (D:4)
  An orc wizard (D:4)
  6 gnolls
  3 adders (D:3)
  A worm (D:2)
  4 dart slugs
  8 orcs
  7 bats
  5 endoplasms
  2 giant cockroaches (D:4)
  6 hobgoblins
  5 jackals
  6 kobolds
  3 quokkas
  2 ball pythons
  3 frilled lizards
  4 goblins
  6 rats
79 creatures vanquished.

Notes
Turn   | Place    | Note
-------+----------+-------------------------------------------
     0 | D:1      | Rennog the Merfolk Fighter began the quest for the Orb.
     0 | D:1      | Reached XP level 1. HP: 18/18 MP: 1/1
   231 | D:1      | Reached skill level 1 in Dodging
   231 | D:1      | Reached XP level 2. HP: 23/25 MP: 2/2
   279 | D:1      | Found a faded altar of an unknown god.
   291 | D:1      | Prayed at the altar of an unknown god.
   291 | D:1      | Became a worshipper of Gozag Ym Sagoz the Greedy
   609 | D:1      | Reached skill level 4 in Fighting
  1206 | D:2      | Reached XP level 3. HP: 30/30 MP: 3/3
  1346 | D:2      | Found a hazy altar of Hepliaklqana.
  1376 | D:2      | Reached XP level 4. HP: 32/38 MP: 4/4
  1985 | D:3      | Reached skill level 5 in Fighting
  2012 | D:3      | Reached XP level 5. HP: 9/44 MP: 5/5
  2537 | D:3      | Found a shimmering altar of Xom.
  3034 | D:3      | Reached skill level 6 in Fighting
  3114 | D:3      | Found an iron altar of Okawaru.
  3270 | D:4      | Reached XP level 6. HP: 26/52 MP: 6/6
  4029 | D:4      | Killed from afar by an orc priest

Illustrated notes

Levels and vault maps discovered:
D:1:      amcnicky_arrival_abandoned_market, layout_loops_ring,
          basic_ecumenical_altar, minmay_misc_feat_doors, minmay_octomino_j4
D:2:      layout_basic, basic_altar
D:3:      minmay_skewed_foursquare, layout_loops_ring, xom_butterflies,
          mainiacjoe_overflow_alcove_1
D:4:      layout_rooms, minmay_temple_entry_grid, gammafunk_ghost_smash,
          uniq_edmund

Skill      XL: |  1  2  3  4  5  6 |
---------------+-------------------+-----
Dodging        | 1 2 3 4 |  4.7
Fighting       | 4 5 6 |  6.8
Polearms       | 4 |  4.1
Armour         | |  2.1
Shields        | |  3.0

Action                   |  1- 3 |  4- 6 || total
-------------------------+-------+-------++-------
Melee: Trident           |    85 |   269 ||   354
 Stab: Distracted        |       |     1 ||     1
Armor: Scale mail        |    35 |    79 ||   114
Dodge: Dodged            |    25 |   104 ||   129
Block: Buckler           |    16 |    54 ||    70

Table legend: (Time is in decaauts)
 A = Elapsed time spent in this place.
 B = Non-inter-level travel time spent in this place.
 C = Inter-level travel time spent in this place.
 D = Time resting spent in this place.
 E = Time spent auto-exploring this place.
 F = Levels seen in this place.
 G = Mean time per level.
                   A        B        C        D        E       F      G
               +--------+--------+--------+--------+--------+-----+--------+
         Total |   4087 |   3942 |    145 |    340 |   2916 |   4 | 1021.8 |
       Dungeon |   4087 |   3942 |    145 |    340 |   2916 |   4 | 1021.8 |
               +--------+--------+--------+--------+--------+-----+--------+

Top non-repeatable levels by time:
     D:3: 2059 daAuts
     D:1: 960 daAuts
     D:2: 699 daAuts
     D:4: 367 daAuts
